 Dungeon Crawl Stone Soup version 0.26.0-10-g1f06aea511 (webtiles) character file.

Game seed: 7400620720334803869

483 Arum the Magician (level 6, 0/41 HPs)
             Began as a Demonspawn Fire Elementalist on Jan 21, 2021.
             Slain by an orc priest
             ... wielding a +0 short sword
              (2 damage)
             ... on level 4 of the Dungeon.
             The game lasted 00:08:28 (3957 turns).

Arum the Magician (Demonspawn Fire Elementalist)    Turns: 3957, Time: 00:08:29

Health: 0/41       AC:  2    Str:  8    XL:     6   Next: 87%
Magic:  2/12       EV: 12    Int: 18    God:
Gold:   265        SH:  0    Dex: 14    Spells: 9/14 levels left

rFire    . . .     SeeInvis .   (no weapon)
rCold    . . .     Faith    .   (no shield)
rNeg     . . .     Spirit   .   a - +0 robe
rPois    .         Reflect  .   (no helmet)
rElec    .         Harm     .   (no cloak)
rCorr    .         Rampage  .   (no gloves)
Will     .....                  (no boots)
Stlth    ++........             e - amulet of regeneration
HPRegen  0.53/turn              (no ring)
MPRegen  0.13/turn              (no ring)

@: no status effects
A: claws 1, powered by pain 1, spiny 1
a: no special abilities


You were on level 4 of the Dungeon.
You visited 2 branches of the dungeon, and saw 5 of its levels.

You collected 265 gold pieces.

Inventory:

Armour
 a - a +0 robe (worn)
 n - a +1 pair of gloves
Jewellery
 e - an amulet of regeneration (around neck)
 k - an uncursed ring of ice
Wands
 o - a wand of paralysis (10)
Scrolls
 b - a scroll of immolation {unknown}
 c - a scroll of magic mapping {unknown}
 d - 4 scrolls of identify {unknown}
 g - a scroll of enchant armour {unknown}
 h - 2 scrolls of remove curse {unknown}
 q - a scroll of fear {unknown}
Potions
 f - a potion of ambrosia {unknown}
 i - a potion of attraction {unknown}
 j - a potion of degeneration {unknown}
 l - 2 potions of curing
 m - a potion of flight {unknown}
 p - a potion of magic {unknown}
 r - a potion of haste {unknown}


   Skills:
 - Level 1.7 Dodging
 - Level 1.7 Stealth
 * Level 4.5 Spellcasting
 + Level 4.3 Conjurations
 + Level 4.2 Fire Magic


You had 9 spell levels left.
You knew the following spells:

 Your Spells              Type           Power        Failure   Level
a - Foxfire               Conj/Fire      76%          2%          1
b - Sticky Flame          Conj/Fire      19%          24%         4

Your spell library contained the following spells:

 Spells                   Type           Power        Failure   Level
 Conjure Flame            Conj/Fire      19%          8%          3
 Inner Flame              Hex/Fire       11%          17%         3
 Fireball                 Conj/Fire      9%           56%         5


Dungeon Overview and Level Annotations

Branches:
Dungeon (4/15)             Temple (1/1) D:4

Altars:
Ashenzari
Cheibriados
Elyvilon
Gozag
Hepliaklqana
Makhleb
Qazlal
Ru
Sif Muna
Uskayaw
Xom
Yredelemnul
Zin
The Shining One
Lugonu


Innate Abilities, Weirdness & Mutations

You have sharp fingernails.
You sometimes gain a little power by taking damage.
You are partially covered in sharp spines.


Message History

You conjure some foxfire!
The foxfire hits the orc priest.
The orc priest is heavily wounded.
The foxfire hits the orc priest.
The orc priest is severely wounded.
The orc priest hits you with a +0 short sword!
* * * LOW HITPOINT WARNING * * *
Your foxfire dissipates!
The foxfire hits the orc priest.
The orc priest is almost dead.
The orc wizard casts a spell at you. The magic dart hits you!
* * * LOW HITPOINT WARNING * * *
Unknown command.
Casting: Foxfire (safe; 2% risk of failure)
Confirm with . or Enter, or press ? or * to list all spells.
You conjure some foxfire!
The orc wizard casts a spell.
The orc wizard blinks!
The orc priest hits you with a +0 short sword.
You die...

....... ########. #.[...#
......... ##§....## ########.
#.......# #. #.......# #.
#.......# #### #......## #...
..######.#..o##############...
........o...v@v...............
.#####.###################...
#..# #####. #####.##
###############.....
#.....####...........†...####
#..........###############
#....####### #####


You could see an orc priest and an orc wizard.

Vanquished Creatures
  An ice beast (D:4)
  A phantom (D:4)
  2 hounds (D:4)
  An orc priest (D:4)
  An orc wizard (D:4)
  Robin (D:2)
  6 adders
  An ooze (D:1)
  An adder skeleton (D:4)
  4 worms
  2 dart slugs
  2 leopard geckos (D:1)
  7 orcs
  3 giant cockroaches
  14 goblins
  6 hobgoblins
  20 jackals
  7 kobolds
  3 quokkas
  4 bats
  3 frilled lizards
  A jackal skeleton (D:4)
  6 rats
97 creatures vanquished.

Vanquished Creatures (others)
  171 foxfires
171 creatures vanquished.

Grand Total: 268 creatures vanquished

Notes
Turn   | Place    | Note
-------+----------+-------------------------------------------
     0 | D:1      | Arum the Demonspawn Fire Elementalist began the quest for
                  | the Orb.
     0 | D:1      | Reached XP level 1. HP: 13/13 MP: 3/3
   318 | D:1      | Gained mutation: You have sharp fingernails. [demonic
                  | ancestry]
   318 | D:1      | Reached XP level 2. HP: 19/19 MP: 0/5
  1140 | D:1      | Gained mutation: You are partially covered in sharp spines.
                  | [demonic ancestry]
  1140 | D:1      | Reached XP level 3. HP: 16/24 MP: 1/6
  1616 | D:2      | Found a snail-covered altar of Cheibriados.
  1720 | D:2      | Noticed Robin
  1760 | D:2      | Killed Robin
  1761 | D:2      | Gained mutation: You sometimes gain a little power by
                  | taking damage. [demonic ancestry]
  1761 | D:2      | Reached XP level 4. HP: 20/30 MP: 0/7
  2036 | D:2      | Found a faded altar of an unknown god.
  2156 | D:2      | Found a glowing silver altar of Zin.
  2282 | D:3      | Learned a level 4 spell: Sticky Flame
  2398 | D:3      | Reached XP level 5. HP: 25/35 MP: 9/9
  2622 | D:3      | Found a stormy altar of Qazlal.
  3071 | D:4      | Found a staircase to the Ecumenical Temple.
  3090 | Temple   | Entered the Ecumenical Temple
  3463 | D:4      | Found a shimmering blue altar of Sif Muna.
  3473 | D:4      | Found a hazy altar of Hepliaklqana.
  3586 | D:4      | Reached XP level 6. HP: 26/41 MP: 0/11
  3727 | D:4      | Noticed an ice beast
  3752 | D:4      | Killed an ice beast
  3834 | D:4      | Found a glowing golden altar of the Shining One.
  3955 | D:4      | HP: 1/41 [orc wizard/magic dart (7)]
  3957 | D:4      | Slain by an orc priest

Illustrated notes

Levels and vault maps discovered:
D:1:      mrwooster_arrival_statue_3, layout_basic, chequers_arboretum,
          minmay_misc_feat_square
D:2:      layout_loops_ring, general_overflow_altar, marbit_many_paths,
          chequers_ecumenical_altar_simple_redux, uniq_robin
D:3:      layout_rooms, grunt_qazlal_sundering
D:4:      layout_rooms, nicolae_tso_swordbearing_angel,
          amethyst_overflow_temple_binary, minmay_temple_entry_statues_fountains
Temple:   kb_corrupted_temple

Skill      XL: |  1  2  3  4  5  6 |
---------------+-------------------+-----
Conjurations   | 2 3 4 |  4.3
Fire Magic     | 3 4 |  4.2
Spellcasting   | 3 4 |  4.5
Dodging        | |  1.7
Stealth        | |  1.7

Action                   |  1- 3 |  4- 6 || total
-------------------------+-------+-------++-------
Melee: Unarmed           |   118 |    79 ||   197
 Cast: Foxfire           |    32 |    88 ||   120
  Use: Potion            |     2 |       ||     2
 Stab: Sleeping          |     3 |     1 ||     4
Armor: Robe              |    30 |    11 ||    41
Dodge: Dodged            |   111 |    64 ||   175
